 Dungeon Crawl Stone Soup version 0.31.0-2-g5a2aebc5c2 (webtiles) character file.

Game seed: 15718829910663613477

368 ssalbiz the Cleaver (level 6, -9/76 HPs)
             Began as a Minotaur Berserker on Jan 21, 2024.
             Was a Believer of Trog.
             Killed from afar by Blork the orc (12 damage)
             ... with a puff of frost
             ... on level 4 of the Dungeon.
             The game lasted 00:02:01 (2802 turns).

ssalbiz the Cleaver (Minotaur Berserker)            Turns: 2802, Time: 00:02:03

Health: -9/76      AC:  2    Str: 24    XL:     6   Next: 41%
Magic:  5/5        EV: 12    Int:  4    God:    Trog [**....]
Gold:   206        SH:  0    Dex:  9    Spells: 5/5 levels left

rFire   . . .        a - +0 hand axe
rCold   . . .        (no shield)
rNeg    . . .        b - +0 animal skin
rPois   .            (helmet restricted)
rElec   .            (no cloak)
rCorr   .            (no gloves)
SInv    .            (no boots)
Will    .....        (no amulet) Stlth
                     (no ring)
HPRegen 0.32/turn    (no ring)
MPRegen 0.09/turn

%: no passive effects
@: berserking (expiring), lethally poisoned (-9 -> -13), very quick
A: horns 2, retaliatory headbutt
a: Renounce Religion, Berserk, Trog's Hand


You were on level 4 of the Dungeon.
You worshipped Trog.
Trog was pleased with you.
You visited 1 branch of the dungeon, and saw 4 of its levels.

You collected 206 gold pieces.

Inventory:

Hand Weapons
 a - a +0 hand axe (weapon)
Armour
 b - a +0 animal skin (worn)
Jewellery
 g - a ring of positive energy
 o - a ring of willpower
Wands
 l - a wand of mindburst (19)
 n - a wand of flame (36)
Scrolls
 c - 5 scrolls of identify {unknown}
 d - 2 scrolls of teleportation {unknown}
 f - 2 scrolls of enchant weapon {unknown}
 h - a scroll of vulnerability {unknown}
 i - a scroll of enchant armour {unknown}
 j - a scroll of torment {unknown}
 p - a scroll of poison {unknown}
 q - a scroll of fog {unknown}
 r - a scroll of silence {unknown}
Potions
 e - a potion of curing {unknown}
 k - 2 potions of might {unknown}
 m - a potion of degeneration {unknown}


   Skills:
 - Level 3.6 Fighting
 + Level 8.8 Axes
 - Level 2.4 Armour
 - Level 2.1 Dodging


You had 5 spell levels left.
You didn't know any spells.
Your spell library was empty.

Dungeon Overview and Level Annotations

Branches:
Dungeon (4/15)             Temple (0/1) D:4

Altars:
Ru

Annotations:
D:4 Blork the orc


Innate Abilities, Weirdness & Mutations

You have a pair of horns on your head.
You reflexively headbutt those who attack you in melee.


Message History

The scorpion closely misses you.
There are monsters nearby!
You barely miss the scorpion. The scorpion stings you.
Blork the orc misses you.
A red film seems to cover your vision as you go berserk!
You feel yourself moving faster!
You feel mighty! The scorpion stings you!
You are poisoned.
The scorpion poisons you! Blork the orc closely misses you.
The scorpion stings you but does no damage.
You closely miss the scorpion.
You feel sick.
Blork the orc screams, "I'll break your arms!"
Blork the orc hits you from afar with a +0 trident.
You slash the scorpion!
The scorpion is almost dead.
You feel sick. The scorpion stings you.
You hit the scorpion.
The scorpion is almost dead.
You feel sick.
Blork the orc hits you but does no damage.
The scorpion stings you.
You hit the scorpion.
You kill the scorpion!
Trog accepts your kill.
You feel sick.
Blork the orc hits you from afar with a +0 trident!
* * * LOW HITPOINT WARNING * * *
You feel sick.
You closely miss Blork the orc. Your headbutt misses Blork the orc.
You feel sick.
Blork the orc hits you with a +0 trident.
* * * LOW HITPOINT WARNING * * *
You slash Blork the orc!
Blork the orc is moderately wounded.
You completely miss Blork the orc. Your headbutt misses Blork the orc.
Blork the orc is moderately wounded.
* * * LOW HITPOINT WARNING * * *
You feel sick.
Blork the orc gestures at you while chanting.
The puff of frost hits you!
You die...

#.....##...###)...#
########..[#......#
##...#......#
#....#......#
#....#......#
##...########
#...##.....#
#...#......#
#...'@.....#
#...#.o....#
#...#......#
#...##....## #....#
....# #+##.. .....#
#.. .....# #.
.....#


You could see Blork the orc.

Vanquished Creatures
  3 scorpions (D:4)
  An orc priest (D:4)
  Terence (D:3)
  Natasha (twice) (D:3)
  2 adders
  3 dart slugs
  2 ribbon worms
  3 orcs (D:3)
  5 ball pythons
  5 bats
  7 endoplasms
  3 giant cockroaches
  4 goblins
  5 hobgoblins
  4 kobolds
  4 frilled lizards
  4 rats
58 creatures vanquished.

Notes
Turn   | Place    | Note
-------+----------+-------------------------------------------
     0 | D:1      | ssalbiz the Minotaur Berserker began the quest for the Orb.
     0 | D:1      | Reached XP level 1. HP: 19/19 MP: 0/0
   108 | D:1      | Reached skill level 4 in Axes
   257 | D:1      | Reached XP level 2. HP: 18/26 MP: 1/1
   774 | D:1      | Reached skill level 5 in Axes
   914 | D:2      | Reached XP level 3. HP: 23/31 MP: 2/2
   975 | D:2      | Reached ** piety under Trog
  1685 | D:3      | Noticed Natasha
  1687 | D:3      | Killed Natasha
  1688 | D:3      | Reached skill level 6 in Axes
  1688 | D:3      | Reached XP level 4. HP: 39/39 MP: 3/3
  1920 | D:3      | Noticed Terence
  1926 | D:3      | Killed Terence
  2030 | D:3      | Noticed Natasha
  2038 | D:3      | Killed Natasha
  2039 | D:3      | Reached XP level 5. HP: 36/45 MP: 4/4
  2042 | D:3      | Reached skill level 7 in Axes
  2111 | D:3      | Found a faded altar of an unknown god.
  2339 | D:4      | Found a sacrificial altar of Ru.
  2575 | D:4      | Reached skill level 8 in Axes
  2575 | D:4      | Reached XP level 6. HP: 44/51 MP: 5/5
  2677 | D:4      | Found a staircase to the Ecumenical Temple.
  2789 | D:4      | Noticed Blork the orc
  2800 | D:4      | HP: 3/76 [Blork the orc/+0 trident (6)]
  2802 | D:4      | Killed from afar by Blork the orc

Illustrated notes

Levels and vault maps discovered:
D:1:      lightli_arrival_statue_moat, layout_loops_ring,
          hangedman_decor_peaks_small
D:2:      layout_basic
D:3:      layout_loops_cross, basic_ecumenical_altar, uniq_terence, uniq_natasha
D:4:      layout_gridville, amcnicky_altar_gilded,
          minmay_temple_entry_proselytizer, lightli_corner_chamber,
          uniq_eustachio, uniq_blork_the_orc

Skill      XL: |  1  2  3  4  5 |
---------------+----------------+-----
Axes           | 4 5 6 8 |  8.8
Fighting       | |  3.6
Armour         | |  2.4
Dodging        | |  2.1

Action                     |  1- 3 |  4- 6 || total
---------------------------+-------+-------++-------
  Melee: Hand axe          |   103 |    50 ||   153
         Headbutt          |    13 |    12 ||    25
 Invoke: Berserk           |     1 |     2 ||     3
   Stab: Sleeping          |     1 |       ||     1
         Distracted        |     1 |       ||     1
 Armour: Animal skin       |    41 |    36 ||    77
  Dodge: Dodged            |    59 |    25 ||    84
